 Dungeon Crawl Stone Soup version 0.23.2-40-g277498a001 (webtiles) character file.

Game seed: 13376746132086472603

3714 Htamos the Thaumaturge (level 9, -12/55 HPs)
             Began as a Deep Elf Wizard on Aug 30, 2019.
             Was a Believer of Sif Muna.
             Mangled by a two-headed ogre
             ... wielding a +0 giant club
              (25 damage)
             ... on level 9 of the Dungeon.
             The game lasted 00:30:49 (14601 turns).

Htamos the Thaumaturge (Deep Elf Wizard)           Turns: 14601, Time: 00:30:50

Health: -12/55     AC:  8    Str:  4    XL:     9   Next: 91%
Magic:  10/25      EV: 14    Int: 27    God:    Sif Muna [**....]
Gold:   559        SH:  3    Dex: 13    Spells: 25/28 levels left

rFire    + . .     SeeInvis .   s - +2 quarterstaff
rCold    . . .     Gourm    .   (shield currently unavailable)
rNeg     . . .     Faith    .   x - +1 acid dragon scales
rPois    +         Spirit   .   b - +0 hat
rElec    .         Reflect  +   f - +0 cloak
rCorr    +         Harm     .   (no gloves)
MR       .....                  (no boots)
Stlth    ++........             D - +3 amulet of reflection
HPRegen  0.18/turn              E - ring of poison resistance
MPRegen  0.19/turn              G - ring of protection from fire

@: no status effects
A: no striking features
a: Divine Energy, Renounce Religion


You were on level 9 of the Dungeon.
You worshipped Sif Muna.
Sif Muna was pleased with you.
You were very hungry.

You visited 2 branches of the dungeon, and saw 10 of its levels.
You also visited: Ossuary.

You collected 559 gold pieces.

Inventory:

Hand Weapons
 m - a +0 blowgun
 s - a +2 quarterstaff (weapon)
Missiles
 u - 25 poisoned needles
 y - a throwing net (quivered)
Armour
 a - a +0 robe
 b - a +0 hat (worn)
 f - a +0 cloak (worn)
 l - a +0 leather armour
 t - a cursed +0 pair of boots
 x - +1 acid dragon scales (worn)
 z - a +0 cloak
Jewellery
 h - a +2 ring of dexterity
 k - an uncursed ring of positive energy
 r - an uncursed amulet of guardian spirit
 w - a +2 ring of evasion
 C - a +4 ring of intelligence {unknown}
 D - a +3 amulet of reflection (around neck)
 E - a ring of poison resistance (left hand)
 G - a ring of protection from fire (right hand)
Wands
 A - a wand of digging (2)
 I - a wand of flame (12)
Scrolls
 c - 5 scrolls of remove curse
 e - 3 scrolls of fog
 g - 7 scrolls of identify
 o - 2 scrolls of magic mapping
 p - 2 scrolls of enchant weapon
 B - 2 scrolls of blinking
 K - 2 scrolls of teleportation
Potions
 i - 4 potions of curing
 j - 2 potions of magic
 n - a potion of cancellation
 q - 2 potions of heal wounds
 v - 4 potions of haste
 F - a potion of agility
 H - a potion of might
Comestibles
 d - 13 rations


   Skills:
 + Level 5.7 Fighting
 + Level 6.7 Staves
 + Level 9.0 Dodging
 - Level 3.0 Stealth
 + Level 10.2 Spellcasting
 - Level 1.7 Conjurations
   Level 1.1 Summonings
   Level 1.1 Translocations


You had 25 spell levels left.
You knew the following spells:

 Your Spells              Type           Power        Failure   Level  Hunger
a - Magic Dart            Conj           ###.         4%          1    None
b - Slow                  Hex            ##......     16%         2    None

Your spell library contained the following spells:

 Spells                   Type           Power        Failure   Level  Hunger
 Summon Small Mammal      Summ           ###.         6%          1    None
 Blink                    Tloc           N/A          10%         2    None
 Call Imp                 Summ           ###.....     10%         2    None
 Animate Skeleton         Necr           N/A          11%         1    None
 Infusion                 Chrm           ##..         11%         1    None
 Pain                     Necr           ##..         11%         1    None
 Shroud of Golubria       Chrm/Tloc      ###.......   12%         2    None
 Song of Slaying          Chrm           ##......     16%         2    None
 Call Canine Familiar     Summ           ###.....     19%         3    None
 Conjure Flame            Conj/Fire      ###.....     22%         3    None
 Mephitic Cloud           Conj/Pois/Air  ###.....     24%         3    None
 Summon Guardian Golem    Hex/Summ       ###.....     24%         3    None
 Regeneration             Chrm/Necr      ##........   30%         3    None
 Spectral Weapon          Hex/Chrm       ##......     30%         3    None
 Vampiric Draining        Necr           ##........   30%         3    None
 Summon Ice Beast         Ice/Summ       ###.....     63%         4    None
 Summon Lightning Spire   Summ/Air       ###.....     63%         4    None
 Animate Dead             Necr           N/A          71%         4    None


Dungeon Overview and Level Annotations

Branches:
Dungeon (9/15)             Temple (1/1) D:4
   Lair: D:8-11         Orc: D:9-12

Altars:
Ashenzari
Cheibriados
Dithmenos
Elyvilon
Fedhas
Gozag
Hepliaklqana
Kikubaaqudgha
Makhleb
Nemelex Xobeh
Okawaru
Qazlal
Ru
Sif Muna
Trog
Uskayaw
Vehumet
Wu Jian
Xom
Yredelemnul
Zin
The Shining One

Shops:
D:6 (

Annotations:
D:3 exclusion: 2 downstairs
D:4 exclusions: orc and 1 more exclusion, Eustachio
D:5 2 transporters, gre3edy's ghost, novice DsGl
D:6 3 runed translucent doors, exclusions: 2 downstairs and wight, Zarkath's ghost, novice DrCj
D:7 exclusion: downstairs
D:8 Erica


Message History

* * * LOW HITPOINT WARNING * * *
Casting: Slow (safe; 16% risk of failure)
Confirm with . or Enter, or press ? or * to list all spells.
Aiming: Slow (safe; 16% risk of failure)
Press: ? - help, Shift-Dir - straight line, f/p - two-headed ogre
Aim: a two-headed ogre, wielding two +0 giant clubs (moderately wounded, chance to defeat MR: 32%)
You miscast Slow.
Sif Muna protects you from the effects of your miscast!
The two-headed ogre misses you.
The two-headed ogre hits you with a +0 giant club!
* * * LOW HITPOINT WARNING * * *
You see here a +0 giant club.
Casting: Slow (safe; 16% risk of failure)
Confirm with . or Enter, or press ? or * to list all spells.
Aiming: Slow (safe; 16% risk of failure)
Press: ? - help, Shift-Dir - straight line, f/p - two-headed ogre
Aim: a two-headed ogre, wielding two +0 giant clubs (lightly wounded, chance to defeat MR: 32%)
The two-headed ogre easily resists.
The two-headed ogre hits you with a +0 giant club!!
You die...

.###....##.#.#..########
#....##.#..........#
#....##.#.[......... .
#.#####.#.########.# .
#.......#.#.....# .
#..######.#.###)# .
#.....# #.#.# #.#
.###.###.###.#.###.#
.#........().#.O@..##
.#.#.###.#<.........#
.......#....#####.###
.#.#.#.####[# #.#
.#.#.#.####.### #..
..............######
.....#..#......#
.......#######'#####
#..#.#.. #.........#


You could see a two-headed ogre.

Vanquished Creatures
  Prince Ribbit (D:6)
  Grinder (D:6)
  A hungry ghost (D:9)
  3 ice beasts
  2 phantoms (D:8)
  An orc warrior (D:6)
  A sky beast (D:7)
  A black bear (D:8)
  3 ogres
  A necrophage (D:6)
  An elf zombie (Ossuary)
  A big kobold (D:8)
  6 bullfrogs
  A scorpion (D:4)
  4 killer bees
  4 wights
  4 howler monkeys
  5 crimson imps
  A hound (D:6)
  A bullfrog zombie (D:5)
  A human zombie (D:5)
  2 jellies
  A centaur skeleton (D:5)
  3 orc priests
  6 orc wizards
  4 worker ants
  2 iguanas
  2 big kobold zombies (Ossuary)
  A hound skeleton (D:6)
  4 mummies (Ossuary)
  11 adders
  4 shadow imps
  2 adder skeletons
  A worm (D:3)
  5 dart slugs
  3 leopard geckos
  12 orcs
  3 giant cockroaches
  A gnoll zombie (Ossuary)
  8 goblins
  6 hobgoblins
  3 jackals (D:4)
  13 kobolds
  A quokka (D:7)
  10 bats
  3 frilled lizards
  A goblin zombie (Ossuary)
  2 hobgoblin zombies (Ossuary)
  A jackal zombie (Ossuary)
  A kobold zombie (Ossuary)
  2 orc zombies (Ossuary)
  A quokka skeleton (D:9)
  10 rats
  A rat zombie (Ossuary)
174 creatures vanquished.

Vanquished Creatures (others)
  A human (D:5)
1 creature vanquished.

Grand Total: 175 creatures vanquished

Notes
Turn   | Place    | Note
-------+----------+-------------------------------------------
     0 | D:1      | Htamos the Deep Elf Wizard began the quest for the Orb.
     0 | D:1      | Reached XP level 1. HP: 10/10 MP: 7/7
   231 | D:1      | Reached XP level 2. HP: 15/15 MP: 4/9
   281 | D:1      | Learned a level 2 spell: Slow
  1203 | D:1      | Reached XP level 3. HP: 19/19 MP: 8/11
  1721 | D:2      | Reached skill level 5 in Spellcasting
  1828 | D:2      | Found a stormy altar of Qazlal.
  1836 | D:2      | Reached skill level 1 in Fighting
  3043 | D:3      | Reached XP level 4. HP: 25/25 MP: 9/13
  4459 | D:4      | Found a staircase to the Ecumenical Temple.
  4463 | Temple   | Entered the Ecumenical Temple
  4554 | Temple   | Became a worshipper of Sif Muna the Loreminder
  4596 | D:4      | Reached skill level 1 in Staves
  4596 | D:4      | Reached XP level 5. HP: 22/29 MP: 12/15
  4922 | D:4      | Noticed a sky beast
  5784 | D:4      | Noticed Eustachio
  5891 | D:5      | Entered Level 5 of the Dungeon
  5906 | D:5      | Reached skill level 6 in Spellcasting
  5906 | D:5      | Reached XP level 6. HP: 29/35 MP: 2/17
  6017 | D:5      | Found an ancient bone altar of Kikubaaqudgha.
  6025 | D:5      | Found a sand-covered staircase.
  6033 | Ossuary  | Entered an ossuary
  7048 | D:5      | Noticed a human
  7049 | D:5      | Killed a human
  7115 | D:5      | Reached skill level 5 in Dodging
  7144 | D:5      | Found a transporter.
  7251 | D:5      | Found a transporter.
  7258 | D:5      | Reached XP level 7. HP: 40/40 MP: 13/18
  8270 | D:5      | Identified the cursed +2 dire flail of Zareu {crush, rElec
                  | Int+2}
  8270 | D:5      | Noticed gre3edy's ghost (novice DsGl)
  8355 | D:5      | Reached * piety under Sif Muna
  8476 | D:5      | Reached skill level 7 in Spellcasting
  9164 | D:6      | Found a runed translucent gate.
  9164 | D:6      | Found a runed translucent gate.
  9164 | D:6      | Found a runed translucent gate.
  9168 | D:6      | Noticed Zarkath's ghost (novice DrCj)
  9240 | D:6      | Noticed Grinder
  9245 | D:6      | Killed Grinder
  9245 | D:6      | Reached XP level 8. HP: 37/48 MP: 19/21
  9422 | D:6      | Reached skill level 8 in Spellcasting
  9658 | D:6      | Found Odeuj's Antique Weapon Shoppe.
  9662 | D:6      | Noticed Prince Ribbit
  9833 | D:6      | Killed Prince Ribbit
  9833 | D:6      | Reached skill level 5 in Staves
 10480 | D:6      | Found a burning altar of Makhleb.
 10727 | D:6      | Reached XP level 9. HP: 46/52 MP: 23/23
 10882 | D:7      | Found a deep blue altar of Sif Muna.
 10891 | D:7      | Reached skill level 9 in Spellcasting
 11908 | D:8      | Reached skill level 5 in Fighting
 12224 | D:8      | Found a sacrificial altar of Ru.
 12916 | D:8      | Noticed Erica
 13971 | D:9      | Reached skill level 10 in Spellcasting
 14101 | D:9      | Reached ** piety under Sif Muna
 14561 | D:9      | Noticed a two-headed ogre
 14601 | D:9      | Mangled by a two-headed ogre

Skill      XL: |  1  2  3  4  5  6  7  8  9 |
---------------+----------------------------+-----
Stealth        | 3 |  3.0
Dodging        | 3 4 5 6 7 9 |  9.0
Spellcasting   | 5 6 7 8 10 | 10.2
Fighting       | 1 2 3 4 5 |  5.7
Staves         | 1 2 4 5 6 |  6.7
Conjurations   | |  1.7
Summonings     | |  1.1
Translocations | |  1.1

Action                   |  1- 3 |  4- 6 |  7- 9 || total
-------------------------+-------+-------+-------++-------
Melee: Quarterstaff      |     3 |    55 |   215 ||   273
 Cast: Magic Dart        |   125 |   280 |   451 ||   856
       Slow              |     1 |       |    22 ||    23
Evoke: Wand              |       |     1 |    11 ||    12
  Use: Scroll            |     6 |     4 |     8 ||    18
       Potion            |       |     8 |     6 ||    14
 Stab: Invisible         |       |     2 |       ||     2
       Sleeping          |       |       |     1 ||     1
  Eat: Chunk             |     3 |     9 |    15 ||    27
       Ration            |     1 |     1 |     3 ||     5
Armor: Leather armour    |     2 |     4 |       ||     6
       Acid dragon scale |       |    37 |    86 ||   123
Dodge: Dodged            |    13 |   119 |   252 ||   384
Block: Other             |       |       |    22 ||    22
